 Dungeon Crawl Stone Soup version 0.28-a0-1339-ga5422284a4 (webtiles) character file.

Game seed: 7495303360669368878

89 vivovinco the Skirmisher (level 4, -1/36 HPs)
             Began as a Demonspawn Abyssal Knight on Dec 28, 2021.
             Was a Believer of Lugonu.
             Slain by a hound (4 damage)
             ... on level 3 of the Dungeon.
             The game lasted 00:08:17 (2685 turns).

vivovinco the Skirmisher (DsAK)                     Turns: 2685, Time: 00:08:18

Health: -1/36      AC:  5    Str: 16    XL:     4   Next: 31%
Magic:  6/6        EV: 10    Int: 17    God:    Lugonu [**....]
Gold:   82         SH:  0    Dex: 15    Spells: 3/3 levels left

rFire   . . .      SeeInvis .   a - +1 hand axe
rCold   . . .      Faith    .   (no shield)
rNeg    . . .      Spirit   .   i - +0 ring mail
rPois   .          Reflect  .   (helmet restricted)
rElec   .          Harm     .   (no cloak)
rCorr   .          Rampage  .   (no gloves)
Will    .....                   (no boots)
Stlth   ++........              (no amulet)
HPRegen 0.12/turn               h - +6 ring of intelligence
MPRegen 0.10/turn               (no ring)

@: no status effects
A: antennae 2, thin skeletal structure 1
a: Renounce Religion, Depart the Abyss, Bend Space


You were on level 3 of the Dungeon.
You worshipped Lugonu.
Lugonu was pleased with you.
You visited 1 branch of the dungeon, and saw 3 of its levels.
You visited the Abyss 1 time.

You collected 82 gold pieces.

Inventory:

Hand Weapons
 a - a +1 hand axe (weapon)
 k - a +2 dagger of freezing
Missiles
 j - 3 poisoned darts (quivered)
 l - 26 bolts
 p - 44 stones
Armour
 b - a +0 leather armour
 i - a +0 ring mail (worn)
Jewellery
 h - a +6 ring of intelligence (left hand)
 o - an amulet of regeneration
Scrolls
 c - 5 scrolls of identify {unknown}
 g - a scroll of holy word {unknown}
 m - a scroll of vulnerability {unknown}
 n - a scroll of fear {unknown}
Potions
 d - a potion of heal wounds {unknown}
 e - 4 potions of flight {unknown}
 f - a potion of lignification {unknown}


   Skills:
 + Level 3.6 Fighting
 * Level 3.0 Axes
 + Level 0.5 Throwing
 + Level 2.1 Armour
 + Level 1.1 Dodging
 + Level 0.2 Stealth
 + Level 2.8 Invocations


You had 3 spell levels left.
You didn't know any spells.
Your spell library contained the following spells:

 Spells                   Type           Power      Damage    Failure   Level
 Animate Dead             Necr           0%         N/A       99%         4
 Borgnjor's Vile Clutch   Necr/Erth      0%         N/A       100%        5
 Death Channel            Necr           0%         N/A       100%        6


Dungeon Overview and Level Annotations

Branches:
Dungeon (3/15)

Altars:

Shops:
D:1 [

Annotations:
D:3 Sigmund


Innate Abilities, Weirdness & Mutations

You have a pair of antennae on your head.
You have a somewhat thin skeletal structure. (Dex +2, Stealth+)


Message History

Your Axes skill increases to level 3!
You have reached level 4!
You feel stronger.
Your demonic ancestry asserts itself...
The antennae on your head grow some more.
You hit the jackal.
The jackal is heavily wounded.
You barely miss the jackal. You hit the hound. The hound barely misses you.
The jackal barely misses you. x2; The hound closely misses you.
You hit the jackal but do no damage.
The jackal is heavily wounded.
You hit the jackal.
You kill the jackal!
Lugonu accepts your kill.
You hit the hound. The jackal bites you.
* * * LOW HITPOINT WARNING * * *
The hound pauses to sniff the ground.
The hound closely misses you.
The jackal bites you but does no damage. x2
The hound bites you.
* * * LOW HITPOINT WARNING * * *
You barely miss the jackal.
The jackal is heavily wounded.
You closely miss the jackal. You hit the hound but do no damage.
The jackal bites you but does no damage.
The jackal barely misses you. The hound bites you but does no damage.
The jackal barely misses you.
The jackal bites you but does no damage.
The hound bites you but does no damage.
You hit the jackal.
The jackal is almost dead.
You hit the hound. You hit the jackal but do no damage. The hound bites you.
* * * LOW HITPOINT WARNING * * *
The jackal bites you but does no damage.
The jackal barely misses you.
Unknown command.
You hit the jackal.
You kill the jackal!
Lugonu accepts your kill.
You barely miss the hound. You hit the jackal. The hound bites you.
You die...

#.≈≈≈....# #+###≈≈....#
############...#≈≈....#
...........#.g.#≈≈....#
≈≈≈≈≈≈≈≈≈≈≈#####≈≈....#
≈≈≈≈≈≈≈≈≈≈≈≈≈≈≈≈≈≈....#
≈≈≈≈≈≈≈≈≈≈≈≈≈≈≈≈≈≈....#
......hh..............#
......†@.......P......#
#######################


You could see a hound and a jackal.

Vanquished Creatures
  A hound (D:3)
  An adder (D:2)
  3 dart slugs (D:2)
  3 ball pythons (D:2)
  3 endoplasms (D:1)
  2 giant cockroaches
  11 goblins
  A hobgoblin (D:2)
  3 jackals (D:3)
  5 kobolds
  2 quokkas (D:1)
  6 frilled lizards
  6 rats
47 creatures vanquished.

Vanquished Creatures (others)
  A plant (D:3)
1 creature vanquished.

Grand Total: 48 creatures vanquished

Notes
Turn   | Place    | Note
-------+----------+-------------------------------------------
     0 | Abyss:1  | vivovinco the Demonspawn Abyssal Knight began the quest for
                  | the Orb.
     0 | Abyss:1  | Reached XP level 1. HP: 18/18 MP: 2/2
    36 | Abyss:1  | Found a corrupted altar of Lugonu.
   100 | Abyss:1  | Noticed a large abomination
   101 | D:1      | Escaped the Abyss
   142 | D:1      | Reached * piety under Lugonu
   325 | D:1      | Gained mutation: You have a pair of small antennae on your
                  | head. [demonic ancestry]
   325 | D:1      | Reached XP level 2. HP: 24/24 MP: 4/4
   416 | D:1      | Reached skill level 1 in Dodging
   507 | D:1      | Found Netiyl's Armour Shoppe.
   841 | D:1      | Found a faded altar of an unknown god.
  1450 | D:2      | Gained mutation: You have a somewhat thin skeletal
                  | structure. (Dex +2, Stealth+) [demonic ancestry]
  1450 | D:2      | Reached XP level 3. HP: 26/29 MP: 5/5
  2303 | D:2      | Reached ** piety under Lugonu
  2623 | D:3      | Noticed Sigmund
  2681 | D:3      | Gained mutation: You have a pair of antennae on your head.
                  | [demonic ancestry]
  2681 | D:3      | Reached XP level 4. HP: 10/36 MP: 6/6
  2685 | D:3      | Slain by a hound

Illustrated notes

Levels and vault maps discovered:
D:1:      lightli_arrival_windingriver, layout_loops_ring, serial_shops, shop,
          shapermc_ecumenical_altar_ellora
D:2:      layout_basic
D:3:      lemuel_castle_with_subvaults [lemuel_castle_interior_carwin_1],
          layout_loops_ring, serial_shops, shop, uniq_sigmund,
          uniq_crazy_yiuf_cottage

Skill      XL: |  1  2  3 |
---------------+----------+-----
Dodging        | 1 |  1.1
Axes           | 2 3 |  3.0
Armour         | 2 |  2.1
Fighting       | |  3.6
Throwing       | |  0.5
Stealth        | |  0.2
Invocations    | |  2.8

Action                   |  1- 3 |  4- 6 || total
-------------------------+-------+-------++-------
Melee: Hand axe          |   124 |     5 ||   129
Throw: Dart              |    18 |       ||    18
Invok: Depart the Abyss  |     1 |       ||     1
 Stab: Sleeping          |     3 |       ||     3
Armor: Leather armour    |    11 |       ||    11
       Ring mail         |    23 |     7 ||    30
Dodge: Dodged            |    59 |     8 ||    67

Table legend: (Time is in decaauts)
 A = Elapsed time spent in this place.
 B = Non-inter-level travel time spent in this place.
 C = Inter-level travel time spent in this place.
 D = Time resting spent in this place.
 E = Time spent auto-exploring this place.
 F = Levels seen in this place.
 G = Mean time per level.
                   A        B        C        D        E       F      G
               +--------+--------+--------+--------+--------+-----+--------+
         Total |   2718 |   2588 |    130 |    190 |   1819 |   4 |  679.5 |
       Dungeon |   2617 |   2487 |    130 |    190 |   1721 |   3 |  872.3 |
         Abyss |    101 |    101 |      0 |      0 |     98 |   1 |  101.0 |
               +--------+--------+--------+--------+--------+-----+--------+

Top non-repeatable levels by time:
     D:2: 1326 daAuts
     D:1: 1185 daAuts
     D:3: 106 daAuts
 Abyss:1: 101 daAuts
